 Dungeon Crawl Stone Soup version 0.30-a0-738-g116ff8c4af (webtiles) character file.

Game seed: 10819546073947125857

1026 Crownlay the Chiller (level 8, -2/52 (58) HPs)
             Began as a Gnoll Ice Elementalist on Feb 3, 2023.
             Slain by a wight
             ... wielding a +6 great sword of freezing
              (4 damage)
             ... on level 6 of the Dungeon.
             The game lasted 00:09:12 (4388 turns).

Crownlay the Chiller (Gnoll Ice Elementalist)       Turns: 4388, Time: 00:09:13

HP:   -2/52 (58)    AC: 10    Str:  8    XL:     8   Next: 23%
MP:   10/17         EV: 19    Int: 17    God:
Gold: 266           SH:  0    Dex: 12    Spells: 9/19 levels left

rFire   . . .      SeeInvis .    o - +1 short sword (venom)
rCold   . . .      Faith    .    (no shield)
rNeg    . . .      Spirit   .    a - +0 robe
rPois   .          Reflect  .    (no helmet)
rElec   .          Harm     .    (no cloak)
rCorr   .          Rampage  .    y - +0 pair of gloves
Will    .....                    (no boots)
Stlth   +++                      (no amulet)
HPRegen 0.28/turn                h - ring of flight
MPRegen 0.15/turn                w - +5 ring of evasion

@: ice-armoured, freezing walls, flying, heavily drained
A: fangs 1, strong nose, distributed training
a: no special abilities


You were on level 6 of the Dungeon.
You visited 1 branch of the dungeon, and saw 6 of its levels.

You collected 266 gold pieces.

Inventory:

Hand Weapons
 o - a +1 short sword of venom (weapon)
Armour
 a - a +0 robe (worn)
 y - a +0 pair of gloves (worn)
Jewellery
 c - a ring of ice
 h - a ring of flight (left hand)
 k - a ring of fire
 w - a +5 ring of evasion (right hand)
Wands
 f - a wand of flame (18)
 s - a wand of charming (4)
 x - a wand of iceblast (8)
Scrolls
 g - 4 scrolls of magic mapping
 i - 2 scrolls of enchant weapon
 m - a scroll of poison {unknown}
 p - a scroll of blinking {unknown}
 r - 2 scrolls of immolation
 u - 2 scrolls of teleportation {unknown}
 v - a scroll of enchant armour {unknown}
 A - a scroll of vulnerability {unknown}
 B - a scroll of torment {unknown}
Potions
 b - 2 potions of magic
 d - 2 potions of might
 e - 3 potions of curing {unknown}
 j - 4 potions of mutation {unknown}
 n - 4 potions of resistance {unknown}
 q - 4 potions of flight
 t - a potion of cancellation {unknown}
 z - 2 potions of berserk rage {unknown}


   Skills:
 + Level 3.2 Fighting
 + Level 3.2 Short Blades
 + Level 3.2 Long Blades
 + Level 3.2 Axes
 + Level 3.2 Maces & Flails
 + Level 3.2 Polearms
 + Level 3.2 Staves
 + Level 3.2 Ranged Weapons
 + Level 3.2 Throwing
 + Level 3.2 Armour
 + Level 5.6 Dodging
 + Level 5.3 Stealth
 + Level 3.2 Shields
 + Level 3.2 Unarmed Combat
 + Level 6.0 Spellcasting
 + Level 2.6 Conjurations
 + Level 2.6 Hexes
 + Level 2.6 Summonings
 + Level 2.6 Necromancy
 + Level 2.6 Translocations
 + Level 2.6 Transmutations
 + Level 2.6 Fire Magic
 + Level 7.6 Ice Magic
 + Level 2.6 Air Magic
 + Level 2.6 Earth Magic
 + Level 2.6 Poison Magic
 + Level 3.5 Invocations
 + Level 3.2 Evocations


You had 9 spell levels left.
You knew the following spells:

 Your Spells              Type           Power      Damage    Failure   Level
a - Freeze                Ice            100%       1d10      1%          1
b - Frozen Ramparts       Ice            62%        1d10      1%          3
c - Ozocubu's Armour      Ice            31%        N/A       1%          3
d - Ignite Poison         Fire/Tmut/Pois 14%        N/A       13%         3

Your spell library contained the following spells:

 Spells                   Type           Power      Damage    Failure   Level
 Magic Dart               Conj           56%        1d5       4%          1
 Call Imp                 Summ           14%        N/A       7%          2
 Sublimation of Blood     Necr           14%        N/A       7%          2
 Wereblood                Tmut           14%        N/A       7%          2
 Kindle Blastsparks       Fire/Tloc/Air  28%        2d12      13%         3
 Mephitic Cloud           Conj/Pois/Air  14%        N/A       13%         3
 Summon Ice Beast         Ice/Summ       22%        N/A       16%         4
 Freezing Cloud           Conj/Ice/Air   9%         6-21      52%         5
 Summon Hydra             Summ           7%         N/A       100%        7


Dungeon Overview and Level Annotations

Branches:
Dungeon (6/15)
 Temple: D:4-7

Altars:

Shops:
D:2 [   D:5 (   D:6 !


Innate Abilities, Weirdness & Mutations

You have very sharp teeth.
Your uncanny sense of smell can sniff out nearby items.
Your experience applies equally to all skills.


Message History

Confirm with . or Enter, or press ? or * to list all spells.
Casting: Frozen Ramparts (safe; 1% risk of failure)
Press: ? - help, Dir - look around, f - activate The walls around you are covered in ice.
The wight completely resists.
The wall freezes the wight but does no damage.
The wight completely misses you.
Hit: o) +1 short sword (venom)
Press: ? - help, Dir - move target, f - wight
Aim: a wight, wielding a +6 great sword of freezing and wearing a +0 robe (lightly damaged, about 37% to evade your +1 short sword of venom)
You hit the wight.
The wight is heavily damaged.
The wight resists.
The wall freezes the wight.
The wight closely misses you.
Hit: o) +1 short sword (venom)
Press: ? - help, Dir - move target, f/p - wight
Aim: a wight, wielding a +6 great sword of freezing and wearing a +0 robe (heavily damaged, about 37% to evade your +1 short sword of venom)
You hit the wight but do no damage. You punch the wight.
The wight is severely damaged.
The wight resists.
The wall freezes the wight.
The wight misses you.
Hit: o) +1 short sword (venom)
Press: ? - help, Dir - move target, f/p - wight
Aim: a wight, wielding a +6 great sword of freezing and wearing a +0 robe (severely damaged, about 37% to evade your +1 short sword of venom)
You hit the wight but do no damage. Your bite misses the wight.
The wight is severely damaged.
The wight resists.
The wall freezes the wight.
The wight hits you with a +6 great sword of freezing!
The wight freezes you.
* * * LOW HITPOINT WARNING * * *
Hit: o) +1 short sword (venom)
Press: ? - help, Dir - move target, f/p - wight
Aim: a wight, wielding a +6 great sword of freezing and wearing a +0 robe (severely damaged, about 37% to evade your +1 short sword of venom)
You hit the wight but do no damage.
The wight is severely damaged.
The wight resists.
The wall freezes the wight.
The wight hits you with a +6 great sword of freezing!
* * * LOW HITPOINT WARNING * * *
You feel drained.
* * * LOW HITPOINT WARNING * * *
The wight freezes you.
You die...

..# ..# .># #.# #.#
#.#############
#.###z#.........?..
#....@†..)..######
#.......###.#
#....#### #.# #.#.#
#.# #... #.# #..#
#.# .# #..
#.#######.# #.(
#.#.....#.##
#...#.>....#


You could see a wight.

Vanquished Creatures
  A black bear (D:4)
  An ogre (D:5)
  A phantom (D:5)
  A bullfrog (D:6)
  A scorpion (D:4)
  A wight (D:6)
  A howler monkey (D:4)
  5 hounds
  A jelly (D:5)
  4 orc priests
  A gnoll bouda (D:4)
  2 orc wizards
  An iguana (D:5)
  5 adders
  3 gnolls (D:4)
  A white imp (D:6)
  3 dart slugs
  16 orcs
  9 endoplasms
  5 giant cockroaches
  6 goblins
  6 hobgoblins
  5 jackals
  4 kobolds
  2 quokkas
  10 ball pythons
  5 bats
  A frilled lizard (D:3)
  5 rats
107 creatures vanquished.

Notes
Turn   | Place    | Note
-------+----------+-------------------------------------------
     0 | D:1      | Crownlay the Gnoll Ice Elementalist began the quest for the
                  | Orb.
     0 | D:1      | Reached XP level 1. HP: 13/13 MP: 6/6
   222 | D:1      | Reached XP level 2. HP: 19/19 MP: 4/7
   635 | D:2      | Found Fewaloqu's Armour Boutique.
   656 | D:2      | Reached skill level 5 in Spellcasting
   656 | D:2      | Reached XP level 3. HP: 22/25 MP: 0/9
   662 | D:2      | Learned a level 3 spell: Frozen Ramparts
   666 | D:2      | Learned a level 3 spell: Ozocubu's Armour
   721 | D:2      | Reached skill level 1 in Invocations
  1083 | D:2      | Reached skill level 1 in Fighting
  1083 | D:2      | Reached skill level 1 in Short Blades
  1083 | D:2      | Reached skill level 1 in Long Blades
  1083 | D:2      | Reached skill level 1 in Axes
  1083 | D:2      | Reached skill level 1 in Maces & Flails
  1083 | D:2      | Reached skill level 1 in Polearms
  1083 | D:2      | Reached skill level 1 in Staves
  1083 | D:2      | Reached skill level 1 in Ranged Weapons
  1083 | D:2      | Reached skill level 1 in Throwing
  1083 | D:2      | Reached skill level 1 in Armour
  1083 | D:2      | Reached skill level 1 in Shields
  1083 | D:2      | Reached skill level 1 in Unarmed Combat
  1083 | D:2      | Reached skill level 1 in Evocations
  1187 | D:2      | Reached XP level 4. HP: 32/32 MP: 9/11
  2065 | D:4      | Reached skill level 1 in Conjurations
  2065 | D:4      | Reached skill level 1 in Hexes
  2065 | D:4      | Reached skill level 1 in Summonings
  2065 | D:4      | Reached skill level 1 in Necromancy
  2065 | D:4      | Reached skill level 1 in Translocations
  2065 | D:4      | Reached skill level 1 in Transmutations
  2065 | D:4      | Reached skill level 1 in Fire Magic
  2065 | D:4      | Reached skill level 1 in Air Magic
  2065 | D:4      | Reached skill level 1 in Earth Magic
  2065 | D:4      | Reached skill level 1 in Poison Magic
  2157 | D:4      | Noticed a black bear
  2174 | D:4      | Killed a black bear
  2175 | D:4      | Reached XP level 5. HP: 22/38 MP: 5/12
  2395 | D:4      | Reached XP level 6. HP: 35/44 MP: 7/14
  2405 | D:4      | Reached skill level 5 in Dodging
  2874 | D:4      | Reached XP level 7. HP: 46/50 MP: 10/15
  3160 | D:5      | Entered Level 5 of the Dungeon
  3416 | D:5      | Found Useever's Weapon Emporium.
  3489 | D:5      | Reached skill level 5 in Stealth
  4021 | D:5      | Reached XP level 8. HP: 55/58 MP: 9/16
  4209 | D:6      | Found Cuesugho's Distillery.
  4270 | D:6      | Learned a level 3 spell: Ignite Poison
  4388 | D:6      | HP: 2/52 [wight/+6 great sword of freezing (1)]
  4388 | D:6      | Slain by a wight

Illustrated notes

Levels and vault maps discovered:
D:1:      giann_bridges, layout_rooms
D:2:      layout_rooms, serial_shops, shop
D:3:      layout_loops_ring, chequers_mini_garden
D:4:      layout_basic
D:5:      layout_gridville, serial_shops, shop
D:6:      layout_loops_ring, makhleb_blood_cavern_becter,
          minmay_temple_entry_grid, nicolae_stop_n_shop_2, uniq_grinder

Skill      XL: |  1  2  3  4  5  6  7  8 |
---------------+-------------------------+-----
Spellcasting   | 5 6 |  6.0
Invocations    | 1 2 3 |  3.5
Fighting       | 1 2 3 |  3.2
Short Blades   | 1 2 3 |  3.2
Long Blades    | 1 2 3 |  3.2
Axes           | 1 2 3 |  3.2
Maces & Flails | 1 2 3 |  3.2
Polearms       | 1 2 3 |  3.2
Staves         | 1 2 3 |  3.2
Ranged Weapons | 1 2 3 |  3.2
Throwing       | 1 2 3 |  3.2
Armour         | 1 2 3 |  3.2
Shields        | 1 2 3 |  3.2
Unarmed Combat | 1 2 3 |  3.2
Evocations     | 1 2 3 |  3.2
Conjurations   | 1 2 |  2.6
Hexes          | 1 2 |  2.6
Summonings     | 1 2 |  2.6
Necromancy     | 1 2 |  2.6
Translocations | 1 2 |  2.6
Transmutations | 1 2 |  2.6
Fire Magic     | 1 2 |  2.6
Air Magic      | 1 2 |  2.6
Earth Magic    | 1 2 |  2.6
Poison Magic   | 1 2 |  2.6
Dodging        | 5 |  5.6
Stealth        | 5 |  5.3
Ice Magic      | |  7.6

Action                     |  1- 3 |  4- 6 |  7- 9 || total
---------------------------+-------+-------+-------++-------
  Melee: Club              |     5 |       |       ||     5
         Bite              |     2 |     6 |     8 ||    16
         Short sword       |    11 |    31 |   107 ||   149
         Punch             |       |     1 |     7 ||     8
   Cast: Freeze            |    43 |    28 |     5 ||    76
         Frozen Ramparts   |     1 |    12 |    13 ||    26
         Ozocubu's Armour  |     1 |     7 |     7 ||    15
    Use: Scroll            |       |       |     6 ||     6
   Stab: Sleeping          |       |       |     3 ||     3
 Armour: Robe              |     3 |     5 |     8 ||    16
  Dodge: Dodged            |    28 |    45 |    84 ||   157

Table legend: (Time is in decaauts)
 A = Elapsed time spent in this place.
 B = Non-inter-level travel time spent in this place.
 C = Inter-level travel time spent in this place.
 D = Time resting spent in this place.
 E = Time spent auto-exploring this place.
 F = Levels seen in this place.
 G = Mean time per level.
                   A        B        C        D        E       F      G
               +--------+--------+--------+--------+--------+-----+--------+
         Total |   4364 |   4242 |    122 |      0 |   3377 |   6 |  727.3 |
       Dungeon |   4364 |   4242 |    122 |      0 |   3377 |   6 |  727.3 |
               +--------+--------+--------+--------+--------+-----+--------+

Top non-repeatable levels by time:
     D:4: 1115 daAuts
     D:5: 1038 daAuts
     D:2: 777 daAuts
     D:3: 641 daAuts
     D:1: 618 daAuts
     D:6: 174 daAuts
